 Dungeon Crawl Stone Soup version 0.26-a0-651-gb41185065b (webtiles) character file.

Game seed: 5049562441448488902

931 Irenicus the Geomancer (level 7, -2/55 HPs)
             Began as a Deep Dwarf Earth Elementalist on Oct 27, 2020.
             Shot with an arrow by a centaur (8 damage)
             ... on level 5 of the Dungeon.
             The game lasted 00:12:34 (2249 turns).

Irenicus the Geomancer (DDEE)                       Turns: 2249, Time: 00:12:35

Health: -2/55      AC:  3    Str: 18    XL:     7   Next: 86%
Magic:  4/9        EV: 12    Int: 17    God:
Gold:   93         SH:  0    Dex: 13    Spells: 3/9 levels left

rFire    . . .     SeeInvis .   n - +5 dagger (protect)
rCold    + . .     Faith    .   (no shield)
rNeg     . . .     Spirit   .   m - +0 leather armour
rPois    .         Reflect  .   (no helmet)
rElec    .         Harm     .   (no cloak)
rCorr    .         Rampage  .   (no gloves)
MR       +....                  (no boots)
Stlth    ++........             (no amulet)
HPRegen  0.00/turn              a - ring of protection from cold {rC+, !d}
MPRegen  0.11/turn              c - +6 ring of strength

@: non-regenerating
A: damage resistance, heal wounds, sense surroundings 1, no regeneration
a: Heal Wounds


You were on level 5 of the Dungeon.
You visited 1 branch of the dungeon, and saw 5 of its levels.

You collected 117 gold pieces.
You spent 24 gold pieces at shops.

Inventory:

Hand Weapons
 n - a +5 dagger of protection (weapon)
   (You took it off a kobold on level 2 of the Dungeon)
Missiles
 u - 49 stones (quivered)
Armour
 m - a +0 leather armour (worn)
   (You found it on level 2 of the Dungeon)
Jewellery
 a - a ring of protection from cold (left hand) {rC+, !d}
   (You found it on level 1 of the Dungeon)
 c - a +6 ring of strength (right hand)
   (You found it on level 4 of the Dungeon)
 k - an uncursed ring of protection from cold {rC+, !d}
   (You found it on level 1 of the Dungeon)
 l - an uncursed ring of see invisible {sInv, !d}
   (You found it on level 1 of the Dungeon)
Wands
 f - a wand of digging (5)
   (You took it off Sigmund on level 3 of the Dungeon)
Scrolls
 d - 7 scrolls of identify
 g - 3 scrolls of remove curse
Potions
 b - a potion of degeneration {unknown}
 p - a potion of heal wounds
 r - a potion of flight
 s - a potion of resistance
 t - a potion of curing


   Skills:
 - Level 2.1 Dodging
 - Level 2.4 Stealth
 - Level 1.7 Spellcasting
 - Level 0.8 Transmutations
 + Level 12.1 Earth Magic


You had 3 spell levels left.
You knew the following spells:

 Your Spells              Type           Power        Failure   Level
a - Sandblast             Erth           #####.       1%          1
w - Passwall              Tmut/Erth      ###.....     2%          2
x - Stone Arrow           Conj/Erth      ###...       6%          3

Your spell library contained the following spells:

 Spells                   Type           Power        Failure   Level
 Lee's Rapid Deconstruct  Erth           #####.....   4%          5
 Petrify                  Tmut/Erth      ###.....     16%         4


Dungeon Overview and Level Annotations

Branches:
Dungeon (5/15)
 Temple: D:4-7

Altars:
Cheibriados
Kikubaaqudgha
Okawaru
Yredelemnul
Zin

Shops:
D:4 *


Innate Abilities, Weirdness & Mutations

You are resistant to damage.
You can heal yourself by infusing magical energy.
You passively map a small area around you.
You do not regenerate.


Message History

An adder zombie comes into view.
The shadow imp shouts!
Casting: Passwall (safe; 2% risk of failure)
Confirm with . or Enter, or press ? or * to list all spells.
Aiming: Sandblast (safe; 1% risk of failure)
Press: ? - help, Shift-Dir - straight line, f - adder zombie
Aim: an adder zombie The blast of sand misses the adder zombie.
u - 55 stones The adder zombie bites you.
You now have 7/9 mp.
Casting: Sandblast (safe; 1% risk of failure)
Confirm with . or Enter, or press ? or * to list all spells.
Aiming: Sandblast (safe; 1% risk of failure)
Press: ? - help, Shift-Dir - straight line, f/p - adder zombie
Aim: an adder zombie The blast of sand hits the adder zombie.
The adder zombie is lightly damaged.
u - 54 stones The adder zombie bites you but does no damage.
You now have 6/9 mp.
Casting: Sandblast (safe; 1% risk of failure)
Confirm with . or Enter, or press ? or * to list all spells.
Aiming: Sandblast (safe; 1% risk of failure)
Press: ? - help, Shift-Dir - straight line, f/p - adder zombie
Aim: an adder zombie (lightly damaged)
The blast of sand hits the adder zombie!!
You destroy the adder zombie!
u - 53 stones You now have 5/9 mp.
Casting: Sandblast (safe; 1% risk of failure)
Confirm with . or Enter, or press ? or * to list all spells.
Aiming: Sandblast (safe; 1% risk of failure)
Press: ? - help, Shift-Dir - straight line, f - shadow imp
Aim: a shadow imp The blast of sand hits the shadow imp!
You kill the shadow imp!
u - 52 stones You now have 4/9 mp.
As you open the door, it creaks loudly!
You hear a shout! x4
An orc comes into view. It is wielding a -3 falchion.
There is an open door here.
The orc throws a boomerang.
The boomerang misses you.
The weapon returns to the orc!
The orc throws a boomerang.
The boomerang hits you.
The weapon returns to the orc!
Casting: Sandblast (safe; 1% risk of failure)
Confirm with . or Enter, or press ? or * to list all spells.
Aiming: Sandblast (safe; 1% risk of failure)
Press: ? - help, Shift-Dir - straight line, f - orc
Aim: an orc, wielding a -3 falchion, wearing a +0 leather armour and quivering 2 boomerangs The blast of sand hits the orc!
You kill the orc!
u - 51 stones An orc comes into view.
You now have 4/9 mp.
Casting: Sandblast (safe; 1% risk of failure)
Confirm with . or Enter, or press ? or * to list all spells.
You don't know that spell.
Casting: Sandblast (safe; 1% risk of failure)
Confirm with . or Enter, or press ? or * to list all spells.
You can't see any susceptible monsters within range! (Use Z to cast anyway.) Unknown command.
Casting: Sandblast (safe; 1% risk of failure)
Confirm with . or Enter, or press ? or * to list all spells.
Aiming: Sandblast (safe; 1% risk of failure)
Press: ? - help, Shift-Dir - straight line, f - orc
Aim: an orc The blast of sand hits the orc!!
You kill the orc!
u - 50 stones You now have 4/9 mp.
An orc wizard comes into view. It is wielding a -1 dagger.
Items here: ( ) [ †.
Press: ? - help, v - describe, . - travel, g - get item
Items here: ( ) [ †.
The floor.
Unknown command.
Casting: Sandblast (safe; 1% risk of failure)
Confirm with . or Enter, or press ? or * to list all spells.
Aiming: Sandblast (safe; 1% risk of failure)
Press: ? - help, Shift-Dir - straight line, f - orc wizard
Aim: an orc wizard, wielding a -1 dagger and wearing a +0 robe The blast of sand hits the orc wizard!!
You kill the orc wizard!
u - 49 stones You now have 3/9 mp.
Things that are here:
a cursed -1 dagger; a +0 robe A centaur comes into view.
The centaur shouts!
The centaur wields a +0 shortbow.
The centaur shoots an arrow.
The arrow hits you!
* * * LOW HITPOINT WARNING * * *
An orc wizard comes into view. It is wielding a +0 dagger.
The centaur shoots an arrow.
The arrow hits you.
* * * LOW HITPOINT WARNING * * *
You see here an arrow.
The centaur shoots an arrow.
The arrow hits you!
You die...

#...... * * #....o , ,
, * #....##########
#....#....#...# ,.
#....#....+...#...
#....#....#... ...
#...c#....#.. ..)
######@...#'##*#.# *..#
#....(#####..###.###..#
#.....#...............+
#.....#†..............#
#....).).#..#######...#
###################...#
#...'.......
#...#......#
#...#......#


You could see a centaur and an orc wizard.

Vanquished Creatures
  Sigmund (D:3)
  A water moccasin (D:5)
  2 ogres
  2 scorpions (D:4)
  2 jellies
  A centaur skeleton (D:4)
  Natasha (thrice) (D:2)
  An orc wizard (D:5)
  A worker ant (D:5)
  7 adders
  A shadow imp (D:5)
  An adder zombie (D:5)
  2 worms (D:3)
  2 dart slugs
  A leopard gecko (D:2)
  9 orcs
  6 giant cockroaches
  14 goblins
  4 hobgoblins
  11 kobolds
  4 quokkas
  A ball python (D:3)
  9 bats
  4 frilled lizards
  A quokka skeleton (D:5)
  4 rats
95 creatures vanquished.

Vanquished Creatures (others)
  A fungus (D:1)
  A withered plant (D:2)
2 creatures vanquished.

Grand Total: 97 creatures vanquished

Notes
Turn   | Place    | Note
-------+----------+-------------------------------------------
     0 | D:1      | Irenicus the Deep Dwarf Earth Elementalist began the quest
                  | for the Orb.
     0 | D:1      | Reached XP level 1. HP: 15/15 MP: 3/3
   185 | D:1      | Reached XP level 2. HP: 17/22 MP: 0/4
   228 | D:1      | Reached skill level 5 in Earth Magic
   393 | D:2      | Noticed Natasha
   423 | D:2      | Noticed a crimson imp
   424 | D:2      | Reached XP level 3. HP: 13/28 MP: 1/5
   431 | D:2      | Killed Natasha
   431 | D:2      | Reached skill level 6 in Earth Magic
   453 | D:2      | Found a basalt altar of Yredelemnul.
   459 | D:2      | Noticed Natasha
   468 | D:2      | Killed Natasha
   468 | D:2      | Reached XP level 4. HP: 17/36 MP: 2/6
   490 | D:2      | Reached skill level 7 in Earth Magic
   615 | D:2      | Found a glowing silver altar of Zin.
   772 | D:2      | Learned a level 2 spell: Passwall
   849 | D:2      | Noticed Natasha
   853 | D:2      | HP: 8/36 [Natasha/magic dart (5)]
   855 | D:2      | Killed Natasha
   855 | D:2      | Reached XP level 5. HP: 9/42 MP: 3/7
   901 | D:3      | HP: 5/42 [orc/+0 war axe (4)]
   958 | D:3      | Learned a level 3 spell: Stone Arrow
  1011 | D:3      | Noticed Sigmund
  1106 | D:3      | Found a snail-covered altar of Cheibriados.
  1152 | D:3      | Reached skill level 8 in Earth Magic
  1166 | D:3      | Killed Sigmund
  1166 | D:3      | Reached skill level 9 in Earth Magic
  1166 | D:3      | Reached XP level 6. HP: 16/49 MP: 8/8
  1218 | D:3      | HP: 17/73 [ogre/+0 giant spiked club (5)]
  1252 | D:3      | HP: 10/49 [adder (1)]
  1253 | D:3      | Reached skill level 10 in Earth Magic
  1277 | D:3      | HP: 9/49 [rat (1)]
  1445 | D:3      | HP: 2/49 [worm (7)]
  1460 | D:3      | Found an iron altar of Okawaru.
  1666 | D:4      | Found an ancient bone altar of Kikubaaqudgha.
  1709 | D:4      | Reached XP level 7. HP: 17/55 MP: 2/9
  1820 | D:4      | HP: 13/55 [scorpion (4)]
  1823 | D:4      | Reached skill level 11 in Earth Magic
  1969 | D:4      | Found Keajakk's General Store.
  1974 | D:4      | Bought 19 stones for 24 gold pieces
  2044 | D:5      | Entered Level 5 of the Dungeon
  2100 | D:5      | HP: 11/55 [worker ant (2)]
  2137 | D:5      | Reached skill level 12 in Earth Magic
  2248 | D:5      | HP: 8/55 [centaur/arrow (3)]
  2249 | D:5      | Shot with an arrow by a centaur

Illustrated notes

Levels and vault maps discovered:
D:1:      scummos_arrival_checkerplants, layout_rooms, minmay_small_reverse_x
D:2:      layout_loops_ring, yredelemnul_altar_generic, lemuel_doored_altar,
          uniq_natasha
D:3:      layout_loops_corners, nicolae_overflow_crystal_walls,
          lemuel_crystal_altar, minmay_ogre_servants, uniq_sigmund
D:4:      layout_loops_corners, old_standard_altar, serial_shops, shop,
          minmay_stone_trees_small, uniq_ijyb
D:5:      layout_gridville

Skill      XL: |  1  2  3  4  5  6  7 |
---------------+----------------------+-----
Earth Magic    | 5 6 7 9 10 12 | 12.1
Dodging        | |  2.1
Stealth        | |  2.4
Spellcasting   | |  1.7
Transmutations | |  0.8

Action                   |  1- 3 |  4- 6 |  7- 9 || total
-------------------------+-------+-------+-------++-------
Melee: Whip              |    21 |       |       ||    21
       Dagger            |     9 |   146 |     7 ||   162
 Cast: Sandblast         |    25 |    14 |    19 ||    58
       Passwall          |       |     2 |     5 ||     7
       Stone Arrow       |       |     9 |     5 ||    14
 Abil: Heal Wounds       |       |     1 |       ||     1
  Use: Potion            |       |     3 |       ||     3
       Scroll            |       |     2 |     8 ||    10
 Stab: Sleeping          |       |     6 |       ||     6
Armor: Robe              |     2 |       |       ||     2
       Leather armour    |     2 |    60 |     2 ||    64
Dodge: Dodged            |    30 |   103 |     9 ||   142

Table legend: (Time is in decaauts)
 A = Elapsed time spent in this place.
 B = Non-inter-level travel time spent in this place.
 C = Inter-level travel time spent in this place.
 D = Time resting spent in this place.
 E = Time spent auto-exploring this place.
 F = Levels seen in this place.
 G = Mean time per level.
                   A        B        C        D        E       F      G
               +--------+--------+--------+--------+--------+-----+--------+
         Total |   2267 |   2071 |    196 |      0 |      0 |   5 |  453.4 |
       Dungeon |   2267 |   2071 |    196 |      0 |      0 |   5 |  453.4 |
               +--------+--------+--------+--------+--------+-----+--------+

Top non-repeatable levels by time:
     D:3: 794 daAuts
     D:2: 557 daAuts
     D:4: 384 daAuts
     D:1: 332 daAuts
     D:5: 198 daAuts

Table legend:
 A = Kills in this place as a percentage of kills in entire the game.
 B = Kills by you in this place as a percentage of kills by you in the entire game.
 C = Kills by friends in this place as a percentage of kills by friends in the entire game.
 D = Other kills in this place as a percentage of other kills in the entire game.
 E = Experience gained in this place as a percentage of experience gained in the entire game.
 F = Experience gained in this place divided by the number of levels of this place that you have seen.
                   A       B       C       D       E      F
               +-------+-------+-------+-------+-------+----------------------
         Total | 100.0 | 100.0 |   N/A |   N/A | 100.0 | 266.2
       Dungeon | 100.0 | 100.0 |   N/A |   N/A | 100.0 | 266.2
               +-------+-------+-------+-------+-------+----------------------
